Map: Selva profunda EE

Players

FTRPenny

  • Race: Terran Terran
  • Spawn Location: 1:00

monk

  • Race: Zerg Zerg
  • Spawn Location: 1:00

Nikolas

  • Race: Terran Terran
  • Spawn Location: 3:00

MrFercho - Winner!

  • Race: Terran Terran
  • League: Silver
  • Spawn Location: 7:00

TATORREA - Winner!

  • Race: Protoss Protoss
  • League: Silver
  • Spawn Location: 7:00

tigro - Winner!

  • Race: Terran Terran
  • League: Bronze
  • Spawn Location: 7:00

VOD

Have the link to the VOD?

Description

Time

  • Played on: June 1, 2020, 9:16 p.m.
  • Length: 16:51
Show
View Real Time Build Order
Export as new Build Order

FTRPenny Terran 

Build Orders:  

Get SALT Encoding   

  12  0:15  Supply Depot  
  12  0:16  SCV  
  13  0:24  Refinery  
  13  0:34  SCV  
  14  0:53  Barracks  
  14  1:13  Supply Depot  
  14  1:23  Barracks  
  14  1:24  SCV  
  15  1:36  SCV  
  16  1:48  SCV  
  16  1:49  Barracks Tech Lab  
  17  2:00  SCV  
  18  2:05  Refinery  
  18  2:10  Supply Depot  
  18  2:12  SCV  
  18  2:15  Barracks Reactor  
  19  2:17  Marauder  
  21  2:24  SCV  
  22  2:45  Marauder  
  22  2:51  Marine x2  
  26  3:06  Marauder  
  26  3:09  Marine x2  
  26  3:10  Orbital Command  
  30  3:26  Marine  
  31  3:40  Factory  
  31  4:14  Supply Depot  
  31  4:17  Marine x2  
  31  4:21  Marauder  
  35  4:35  Command Center, Marine  
  36  5:13  Factory  
  26  5:47  Marine x2  
  28  5:52  Marauder, Factory Tech Lab  
  30  5:59  SCV  
  31  6:05  Marine x2  
  31  6:08  Factory Reactor  
  31  6:11  SCV  
  34  6:14  Marauder  
  34  6:16  Starport  
  36  6:23  SCV, Marine  
  36  6:24  Armory  
  38  6:35  SCV, Marauder  
  41  6:47  SCV  
  42  6:55  Command Center  
  42  6:56  Marauder  
  42  6:59  SCV  
  45  7:08  Starport Tech Lab  
  45  7:11  SCV  
  46  7:18  Fusion Core  
  46  7:23  SCV  
  47  7:34  Refinery  
  47  7:36  SCV  
  48  7:40  Refinery  
  48  7:44  Hellbat x2  
  52  7:48  SCV  
  53  8:00  Supply Depot  
  53  8:05  Hellbat x2  
  57  8:15  Thor  
  63  8:25  SCV  
  63  8:26  Hellbat  
  63  8:27  Hellbat  
  68  8:37  SCV  
  68  8:38  Battlecruiser  
  75  8:49  SCV, Supply Depot  
  76  8:59  Supply Depot  
  76  9:09  SCV  
  77  9:21  SCV  
  77  9:23  Supply Depot  
  78  9:33  SCV  
  79  9:46  SCV  
  80  9:59  Battlecruiser  
  86  10:04  Thor  
  92  10:47  Cyclone  
  95  10:53  SCV  
  96  11:03  Battlecruiser  
  102  11:06  SCV  
  103  11:19  Cyclone  
  106  11:31  Supply Depot  
  106  11:46  Supply Depot  
  106  11:51  Cyclone  
  110  12:08  Battlecruiser  
  110  12:22  Supply Depot  
  113  12:44  Cyclone  
  113  12:50  Supply Depot  
  113  13:16  Cyclone  
  116  13:37  Starport  
  116  13:48  Cyclone  
  37  14:07  Marauder  
  39  14:11  Hellbat x2  
  39  14:14  Marine x2  
  45  14:20  Thor  
  45  14:23  Battlecruiser  
  57  14:29  Marauder  
  59  14:32  Hellbat x2, Marine x2  
  68  14:49  Marine x2  
  68  14:50  Starport Reactor, Marauder  
  67  14:54  Hellbat  
  58  15:07  Marine  
  43  15:26  Viking x2  
Show
View Real Time Build Order
Export as new Build Order

monk Zerg 

Build Orders: 1 Base Baneling Bust, Pool First 

Get SALT Encoding   

  12  0:21  Spawning Pool  
  11  0:25  Drone  
  12  0:28  Drone  
  12  0:35  Extractor  
  12  0:54  Drone  
  12  0:55  Drone  
  14  1:04  Extractor  
  13  1:12  Overlord  
  13  1:18  Overlord  
  13  1:30  Queen  
  15  1:45  Drone  
  16  1:59  Roach Warren  
  15  2:05  Baneling Nest  
  14  2:13  Evolution Chamber  
  14  2:15  Drone x2  
  14  2:16  Drone  
  16  2:49  Zerg Melee Weapons Level 1  
  16  3:02  Lair  
  16  3:09  Zergling x2  
  16  3:10  Zergling x2, Roach  
  20  3:13  Zergling x2  
  20  3:16  Zergling x2  
  22  3:32  Drone x2  
  24  3:52  Ravager  
  24  3:55  Roach  
  27  3:57  Roach  
  29  4:13  Nydus Network  
  28  4:19  Ravager x2  
  30  4:48  Zerg Melee Weapons Level 2  
  30  4:53  Nydus Canal  
  30  6:00  Spire  
  29  6:18  Overlord x3  
  29  6:19  Overlord x3  
  29  7:20  Zerg Flyer Weapons Level 1  
  29  7:27  Mutalisk  
  29  7:28  Mutalisk  
  33  7:30  Corruptor x2  
  37  7:44  Corruptor  
  39  8:24  Infestation Pit  
  38  9:20  Hive  
  38  9:31  Hatchery  
  37  9:53  Zerg Missile Weapons Level 1  
  35  11:12  Corruptor  
  35  11:13  Corruptor x2  
  41  11:20  Drone x3  
  44  11:44  Drone x3  
  46  12:36  Corruptor x2  
  48  12:37  Corruptor  
  52  12:50  Corruptor  
  54  12:55  Drone  
  55  13:05  Corruptor  
  51  14:32  Greater Spire  
Show
View Real Time Build Order
Export as new Build Order

Nikolas Terran 

Build Orders:  

Get SALT Encoding   

  12  0:17  Refinery  
  12  1:01  Supply Depot  
  12  1:24  Supply Depot  
  12  1:42  SCV  
  13  1:50  Refinery  
  13  1:53  Barracks  
  13  1:54  SCV  
  14  2:06  SCV  
  15  2:43  Engineering Bay  
  15  2:46  Marine  
  16  3:04  Marine  
  17  3:31  Missile Turret  
  17  3:40  Barracks Reactor  
  17  3:52  Missile Turret  
  17  4:04  Command Center  
  17  4:17  Factory  
  17  4:55  Barracks  
  17  5:22  Marine  
  17  5:23  Marine  
  19  5:34  SCV  
  20  5:40  Marine x2  
  22  5:47  SCV, Barracks Reactor  
  23  5:58  Marine x2  
  23  5:59  SCV, Factory  
  23  6:01  Orbital Command  
  26  6:11  SCV  
  27  6:16  Marine x2  
  29  6:23  SCV  
  30  6:28  SCV  
  31  6:39  Sensor Tower  
  31  6:40  SCV  
  32  6:48  Factory Tech Lab  
  32  6:50  Starport  
  32  7:09  Marine x2  
  32  7:14  Marine x2  
  36  7:26  Supply Depot  
  36  7:27  Marine x2  
  38  7:31  Marine  
  38  7:32  Marine  
  40  7:38  Supply Depot  
  40  7:45  Marine x2  
  40  7:48  Supply Depot  
  40  7:49  Marine x2  
  40  7:50  Siege Tank  
  47  8:00  Supply Depot  
  47  8:03  Marine x2  
  49  8:07  Marine x2  
  49  8:08  Refinery  
  51  8:22  Widow Mine  
  51  8:23  Supply Depot  
  53  8:44  Widow Mine  
  53  8:48  Armory  
  55  8:50  Marine x2  
  57  9:05  Hellion  
  57  9:08  Marine x2  
  61  9:20  Starport Tech Lab  
  61  9:26  Hellion, Marine  
  64  9:48  Hellion  
  66  10:09  Fusion Core, Thor  
  72  10:14  Viking  
  74  10:22  SCV  
  75  10:34  SCV  
  76  10:44  Viking  
  76  10:47  SCV  
  79  10:52  Hellbat  
  81  11:06  Supply Depot  
  81  11:13  Hellbat  
  83  11:33  Barracks Tech Lab  
  83  11:34  Thor  
  89  12:17  Banshee  
  92  12:43  Factory  
  92  13:02  Viking  
  94  13:09  Supply Depot  
  94  13:18  Supply Depot  
  92  13:32  Viking, Supply Depot  
  94  13:40  Supply Depot  
  94  14:02  Viking  
  59  14:32  Battlecruiser  
  49  14:51  Siege Tank  
  52  15:09  Starport  
  52  15:23  Widow Mine  
  37  15:44  Widow Mine  
Show
View Real Time Build Order
Export as new Build Order

MrFercho Terran - Winner!

Build Orders:  

Get SALT Encoding   

  12  0:01  SCV  
  13  0:13  SCV  
  14  0:25  SCV  
  15  0:41  Supply Depot  
  15  0:43  Refinery  
  15  1:16  Barracks  
  15  1:17  SCV  
  16  1:24  Supply Depot  
  16  1:29  SCV  
  17  1:41  SCV  
  18  1:53  SCV  
  19  2:04  Barracks Reactor  
  19  2:14  Factory  
  19  2:23  Command Center  
  19  2:28  SCV  
  20  2:33  Refinery  
  20  2:40  SCV  
  21  2:53  Engineering Bay  
  21  2:59  Orbital Command  
  21  3:02  Factory Tech Lab  
  21  3:08  Starport  
  21  3:38  Orbital Command  
  21  3:42  Refinery  
  21  3:44  Supply Depot  
  21  4:07  Supply Depot  
  21  4:12  SCV  
  22  4:18  SCV  
  24  4:24  SCV  
  24  4:27  Starport  
  24  4:30  SCV  
  24  4:31  Supply Depot  
  25  4:32  Liberator  
  25  4:36  SCV  
  29  4:41  Siege Tank  
  29  4:42  SCV  
  33  4:48  SCV  
  34  4:54  SCV, Supply Depot  
  35  5:00  SCV  
  35  5:06  SCV  
  37  5:07  Refinery  
  37  5:11  Armory  
  37  5:40  Marine  
  37  5:41  Marine  
  39  5:47  Starport Tech Lab x2  
  39  5:58  Marine  
  39  5:59  Marine  
  41  6:16  Marine x2  
  43  6:34  Marine x2  
  43  6:38  Terran Ship Weapons Level 1  
  45  6:45  Starport  
  45  7:07  Command Center  
  45  7:14  Viking x2  
  49  7:22  Starport  
  49  7:33  Missile Turret  
  49  7:36  Missile Turret  
  49  7:44  Viking x2  
  49  7:47  Missile Turret  
  49  7:48  Missile Turret x2  
  53  7:56  Starport Reactor  
  53  8:00  Starport Reactor  
  53  8:06  Armory  
  53  8:12  Widow Mine  
  55  8:14  Viking x2  
  59  8:33  Widow Mine  
  61  8:44  Viking x2  
  65  8:50  Supply Depot  
  65  8:54  Widow Mine  
  67  9:13  Supply Depot  
  67  9:14  Viking  
  67  9:16  Widow Mine  
  71  9:19  Cloaking Field  
  71  9:24  Hyperflight Rotors  
  71  9:27  Banshee  
  74  9:35  SCV x2  
  74  9:36  Supply Depot  
  74  9:37  Widow Mine  
  78  9:44  Banshee  
  81  9:47  SCV  
  81  9:49  Orbital Command  
  82  9:59  Supply Depot  
  82  10:10  Banshee  
  85  10:22  Supply Depot  
  85  10:27  Raven  
  87  10:34  Terran Ship Weapons Level 2  
  87  10:35  Terran Vehicle And Ship Armor Level 1  
  87  10:40  Viking x4  
  95  10:53  Raven  
  97  11:10  Viking x3  
  103  11:56  Viking  
  103  11:57  Viking x5  
  115  12:26  Viking  
  115  12:27  Viking x4  
  125  13:06  SCV x2  
  127  13:18  SCV x2, Viking  
  127  13:19  Viking  
  133  13:54  Viking x3, SCV x2  
  141  13:57  Supply Depot  
  141  13:58  Supply Depot  
  141  13:59  Supply Depot x2  
  141  14:00  Supply Depot  
  141  14:19  Viking x3, SCV  
Show
View Real Time Build Order
Export as new Build Order

TATORREA Protoss - Winner!

Build Orders: Carriers 

Get SALT Encoding   

  12  0:01  Probe  
  13  0:21  Probe  
  14  0:28  Pylon  
  14  0:33  Probe  
  15  0:46  Probe  
  16  0:55  Gateway  
  16  0:59  Probe, Gateway  
  16  1:04  Assimilator  
  17  1:11  Probe  
  18  1:23  Probe  
  19  1:35  Probe  
  20  1:46  Cybernetics Core  
  20  1:55  Nexus  
  20  2:02  Zealot  
  22  2:19  Pylon  
  22  2:23  Pylon  
  22  2:24  Warp Gate  
  22  2:29  Probe  
  23  2:37  Zealot  
  23  2:41  Probe  
  26  2:45  Stalker  
  28  2:53  Probe  
  29  3:04  Stalker  
  29  3:05  Probe  
  32  3:08  Probe  
  33  3:15  Stalker  
  33  3:17  Probe  
  36  3:20  Probe  
  37  3:28  Forge  
  37  3:29  Probe  
  37  3:33  Probe  
  39  3:35  Assimilator  
  39  3:42  Probe  
  39  3:45  Probe  
  41  3:52  Pylon  
  41  3:55  Probe  
  42  3:57  Probe  
  42  3:58  Pylon  
  42  4:01  Protoss Ground Weapons Level 1  
  43  4:07  Probe  
  43  4:09  Probe  
  45  4:19  Probe  
  45  4:20  Stalker  
  45  4:21  Probe, Stalker  
  51  4:31  Probe  
  51  4:32  Assimilator  
  51  4:33  Probe  
  51  4:34  Assimilator  
  53  4:43  Probe  
  54  4:55  Twilight Council  
  54  4:56  Robotics Facility  
  54  5:04  Probe  
  54  5:05  Probe  
  56  5:09  Stalker x2  
  56  5:16  Probe  
  47  5:55  Stalker x2  
  51  5:58  Probe  
  52  6:07  Gateway  
  52  6:13  Gateway  
  52  6:16  Gateway  
  52  6:19  Gateway  
  52  6:20  Gateway  
  52  6:30  Stargate  
  52  6:32  Stargate  
  52  6:35  Stargate  
  52  6:37  Robotics Bay  
  52  6:48  Charge  
  52  6:51  Probe x2  
  52  6:54  Protoss Ground Weapons Level 2 (Chrono Boost)  
  54  6:55  Nexus  
  54  7:00  Warp Prism  
  56  7:03  Probe x2  
  58  7:15  Probe x2  
  60  7:26  Fleet Beacon  
  60  7:27  Probe x2  
  62  7:31  Pylon  
  62  7:35  Pylon  
  62  7:36  Observer  
  63  7:39  Probe, Pylon  
  63  7:40  Probe  
  63  7:42  Pylon  
  63  7:43  Extended Thermal Lance  
  65  7:51  Pylon  
  65  7:52  Zealot  
  65  7:53  Zealot x4  
  65  7:54  Zealot  
  65  7:57  Immortal  
  81  8:00  Pylon  
  81  8:02  Void Ray  
  85  8:12  Probe x3  
  88  8:22  Assimilator  
  88  8:24  Assimilator  
  88  8:25  Probe x3  
  91  8:28  Blink  
  91  8:32  Void Ray  
  91  8:33  Void Ray  
  99  9:23  Void Ray  
  99  9:24  Void Ray x2  
  111  9:51  Zealot x2  
  111  9:52  Zealot x5  
  123  9:57  Nexus  
  123  9:58  Colossus  
  123  9:59  Pylon  
  131  10:00  Pylon  
  131  10:02  Anion Pulse-Crystals, Pylon  
  131  10:06  Phoenix  
  133  10:10  Protoss Ground Weapons Level 3  
  133  10:17  Phoenix x2  
  137  10:31  Pylon  
  137  10:36  Carrier, Pylon  
  137  10:41  Pylon  
  137  10:42  Carrier  
  149  10:59  Pylon  
  149  11:01  Pylon  
  149  11:05  Pylon  
  149  11:07  Flux Vanes  
  149  11:29  Carrier  
  153  11:48  Protoss Air Weapons Level 1  
  153  13:34  Stalker x3  
  153  13:35  Stalker x3  
  153  13:36  Stalker  
  83  14:20  Zealot x4  
  83  14:21  Zealot x3  
  95  14:56  Carrier x3  
  95  14:59  Colossus  
  119  15:24  Zealot x5  
  119  15:25  Zealot x2  
  133  15:30  Assimilator  
  133  15:31  Assimilator  
  100  16:11  Zealot x3  
  102  16:12  Zealot x2  
  102  16:13  Zealot x2  
  138  16:37  Stalker x2  
  138  16:38  Stalker x4  
  138  16:39  Stalker  
Show
View Real Time Build Order
Export as new Build Order

tigro Terran - Winner!

Build Orders:  

Get SALT Encoding   

  12  0:02  SCV  
  13  0:18  SCV, Supply Depot  
  14  0:30  SCV, Refinery  
  15  0:53  Barracks  
  15  1:00  SCV  
  16  1:13  SCV, Refinery  
  17  1:19  Supply Depot  
  17  1:25  SCV  
  18  1:37  SCV  
  19  1:48  Marine  
  19  1:49  SCV  
  22  2:01  SCV  
  22  2:06  Marine  
  23  2:09  Barracks  
  23  2:24  Marine  
  24  2:41  SCV, Marine  
  26  2:50  Engineering Bay  
  26  2:53  SCV  
  27  2:59  Marine  
  27  3:02  Barracks Tech Lab  
  27  3:05  SCV  
  29  3:18  Orbital Command  
  29  3:26  Barracks Tech Lab  
  29  3:28  Stimpack  
  29  3:32  Terran Infantry Weapons Level 1  
  29  3:56  Combat Shield  
  29  4:00  Factory  
  29  4:15  Marine x2  
  31  4:32  Marine  
  31  4:33  Marine  
  33  4:50  Marine x2  
  35  5:08  Concussive Shells, Refinery, Marine x2  
  35  5:12  Starport  
  37  5:19  Factory Tech Lab  
  37  5:26  Marine, Terran Infantry Armor Level 1  
  38  5:49  Siege Tank  
  41  5:50  Medivac  
  45  6:11  Marauder  
  45  6:15  Command Center, Marauder  
  47  6:54  Missile Turret  
  47  6:56  Starport Tech Lab  
  47  7:18  Missile Turret  
  47  7:20  Neosteel Armor  
  47  7:27  Marauder x2  
  47  7:28  Refinery  
  51  7:35  Planetary Fortress  
  51  7:42  Armory, Siege Tank  
  55  8:12  SCV  
  55  8:24  Viking  
  55  8:25  SCV  
  58  8:33  Fusion Core  
  58  8:37  SCV  
  59  8:49  SCV  
  60  9:00  Terran Vehicle Weapons Level 1, Hi-Sec Auto Tracking  
  60  9:01  SCV  
  61  9:23  Supply Depot  
  61  9:43  Weapon Refit  
  61  9:44  Banshee  
  64  9:45  Supply Depot  
  64  9:49  Missile Turret  
  64  9:57  Terran Infantry Weapons Level 2  
  64  10:10  Missile Turret  
  64  10:24  SCV  
  64  10:27  Viking  
  67  10:32  Missile Turret  
  67  10:36  SCV  
  68  10:48  SCV  
  69  10:55  Missile Turret, Terran Vehicle And Ship Armor Level 1  
  69  10:57  Banshee  
  69  11:00  SCV  
  73  11:12  SCV  
  73  11:15  Missile Turret  
  74  11:23  Rapid Reignition System  
  74  11:37  Missile Turret  
  74  11:40  Battlecruiser  
  80  12:18  Command Center  
  80  12:20  Advanced Ballistics  
  80  12:44  Battlecruiser  
  80  12:49  Terran Ship Weapons Level 1  
  86  13:13  Missile Turret  
  85  13:35  Missile Turret  
  85  13:38  Planetary Fortress  
  85  13:45  Refinery  
  85  13:48  Battlecruiser  
  85  13:55  Cloaking Field  
  91  13:57  Missile Turret  
  91  13:58  Drilling Claws  
  91  14:46  Refinery  
  91  14:47  Marine  
  91  14:48  Marine  
  93  14:53  Battlecruiser  
  99  15:05  Marine  
  99  15:06  Marine  
  101  15:23  Marine x2  
  103  15:41  Marine x2  
  105  15:57  Medivac  
  105  15:59  Marine x2  
Tags
 
Add a new tag
Caveats
  • Supply blocks, unpowered buildings, or Contaminate may cause inaccurate times.
  • Supply counts are checked every 10 seconds.